[Event "Titled Tuesday Blitz August 23 Late 2022"]
[White "Andreikin, Dmitry"]
[Black "Shimanov, Aleksandr"]
[WhiteFideId "4158814"]
[BlackFideId "4198603"]
[WhiteElo "2736"]
[BlackElo "2605"]
[Result "1-0"]
[Round "09"]
[TimeControl "180+1"]
[Date "2022.08.23"]
[WhiteClock "0:00:13"]
[BlackClock "0:00:02"]

1. d4 Nf6 2. Nf3 g6 3. Nbd2 c5 4. dxc5 Qa5 5. a3 Qxc5 6. b4 Qc7 7. Bb2 Bg7 8. e3 O-O 9. c4 b6 10. Be2 Bb7 11. O-O d6 12. Rc1 Nbd7 13. Nb1 Rac8 14. Nc3 Qb8 15. Qb3 a6 16. Rfd1 Qa8 17. Ne1 Rc7 18. Bf1 Rfc8 19. Nb1 d5 20. cxd5 Bxd5 21. Qd3 Rxc1 22. Rxc1 Rxc1 23. Bxc1 b5 24. Bb2 Qc6 25. Qd1 Nb6 26. Nd3 Nc4 27. Bc1 Nd7 28. Nf4 Be4 29. Nd2 Nxd2 30. Qxd2 e5 31. Ne2 Nb6 32. Nc3 Bf5 33. Qd8+ Bf8 34. e4 Be6 35. Be3 Nd7 36. Nd5 Kg7 37. Nc7 f6 38. Qc8 Kg8 39. Qxa6 Qxa6 40. Nxa6 Bc4 41. Nc7 f5 42. Nxb5 Bb3 43. Nc3 f4 44. Ba7 Kf7 45. Bb5 Ke6 46. Bc6 Nf6 47. f3 g5 48. Nb5 g4 49. Kf2 h5 50. Bb8 h4 51. h3 g3+ 52. Kg1 Bc4 53. Nc3 Bb3 54. Bb5 Be7 55. Bd3 Bf8 56. Kf1 Be7 57. Bb5 Bf8 58. Na4 Be7 59. Nc5+ Bxc5 60. bxc5 Nd7 61. Bxd7+ Kxd7 62. Bxe5 1-0


[Site "https://www.chess.com"]

[Event "Titled Tuesday Blitz August 23 Late 2022"]
[White "Bjelobrk, Igor"]
[Black "Seo, Jung Min"]
[WhiteFideId "4300726"]
[BlackFideId "1734687"]
[WhiteElo "2335"]
[BlackElo "2414"]
[Result "1/2-1/2"]
[Round "09"]
[TimeControl "180+1"]
[Date "2022.08.23"]
[WhiteClock "0:00:17"]
[BlackClock "0:00:16"]

1. Nf3 Nf6 2. c4 e6 3. g3 d5 4. Bg2 dxc4 5. Qa4+ Nbd7 6. Qxc4 a6 7. Qc2 c5 8. Nc3 Rb8 9. O-O b5 10. d4 Bb7 11. dxc5 Bxc5 12. Bg5 O-O 13. Rad1 Qb6 14. Qb1 h6 15. Bxf6 Nxf6 16. e3 Rbd8 17. Ne5 Bxg2 18. Kxg2 Qb7+ 19. Kg1 Bd6 20. Nd3 Bc7 21. Qc2 a5 22. Qe2 b4 23. Na4 Qb5 24. Nac5 Bb6 25. Qc2 Rc8 26. Rc1 Rfd8 27. Qa4 Qxa4 28. Nxa4 Ba7 29. Rxc8 Rxc8 30. Rc1 Rd8 31. Rc7 Rxd3 32. Rxa7 Rd2 33. Rxa5 Ng4 34. Rb5 Nxf2 35. Rxb4 f5 36. Nc3 Ng4 37. a4 Nxe3 38. a5 Rg2+ 39. Kh1 Rf2 40. h3 g5 41. a6 Rf1+ 42. Kh2 f4 43. gxf4 gxf4 44. a7 Rf2+ 45. Kh1 Rf1+ 46. Kh2 Rf2+ 47. Kh1 Rf1+ 48. Kh2 1/2-1/2


[Site "https://www.chess.com"]

[Event "Titled Tuesday Blitz August 23 Late 2022"]
[White "Blanco Ronquillo, Humberto L."]
[Black "Uskov, Artem"]
[WhiteFideId "3504239"]
[BlackFideId "34254854"]
[WhiteElo "2425"]
[BlackElo "2335"]
[Result "1/2-1/2"]
[Round "09"]
[TimeControl "180+1"]
[Date "2022.08.23"]
[WhiteClock "0:00:20"]
[BlackClock "0:00:07"]

1. d4 Nf6 2. c4 g6 3. Nc3 Bg7 4. Nf3 O-O 5. e4 d6 6. Be2 e5 7. d5 Na6 8. Bg5 Qe8 9. Nd2 h6 10. Be3 Nh7 11. a3 f5 12. f3 g5 13. exf5 Bxf5 14. Nde4 Nf6 15. Bd3 Qg6 16. Qc2 Nxe4 17. Bxe4 g4 18. O-O gxf3 19. Rxf3 Bxe4 20. Qxe4 Qxe4 21. Nxe4 Rxf3 22. gxf3 Rf8 23. Kf2 Kh7 24. Ke2 b6 25. b4 Nb8 26. c5 dxc5 27. bxc5 Rd8 28. Rd1 Kg6 29. d6 cxd6 30. cxb6 axb6 31. Bxb6 Rd7 32. Rxd6+ Rxd6 33. Nxd6 Bf8 34. Nc4 Kf5 35. a4 e4 36. Ne3+ Ke6 37. fxe4 Nd7 38. Bd4 Bc5 39. Kd3 Bd6 40. h3 Be5 41. a5 Nb8 42. Bxe5 Kxe5 43. Ng4+ Ke6 44. Nxh6 Nc6 45. Nf5 Nxa5 46. Ke3 Ke5 47. Ng3 Nc4+ 48. Kf3 Nd2+ 49. Kg4 Kf6 50. Kf4 Nc4 51. Nf5 Ne5 52. Nh6 Ng6+ 53. Kf3 Kg5 54. Nf5 Kf6 55. h4 Ne5+ 56. Kg3 Ng6 57. h5 Ne5 58. Kf4 Nf7 59. h6 Kg6 60. e5 Ng5 61. Kg4 Ne6 62. Ng7 Nxg7 63. hxg7 Kxg7 64. Kg5 Kf7 65. Kf5 Ke7 66. e6 Ke8 67. Ke5 Ke7 68. Kd5 Ke8 69. Kd6 Kd8 70. e7+ Ke8 71. Ke6 1/2-1/2


[Site "https://www.chess.com"]

[Event "Titled Tuesday Blitz August 23 Late 2022"]
[White "Carlsen, Magnus"]
[Black "Bortnyk, Olexandr"]
[WhiteFideId "1503014"]
[BlackFideId "14120828"]
[WhiteElo "2830"]
[BlackElo "2723"]
[Result "0-1"]
[Round "09"]
[TimeControl "180+1"]
[Date "2022.08.23"]
[WhiteClock "0:00:07"]
[BlackClock "0:00:02"]

1. d4 d6 2. e4 Nf6 3. Nc3 e5 4. Nf3 Nbd7 5. Rg1 Be7 6. g4 h6 7. Be3 c6 8. a4 a5 9. g5 hxg5 10. Nxg5 exd4 11. Qxd4 Ne5 12. f4 Nfg4 13. O-O-O Bxg5 14. fxg5 Nxe3 15. Qxe3 Rxh2 16. Be2 Be6 17. Qg3 Rh3 18. Qf2 Qc7 19. g6 f6 20. Rh1 Rxh1 21. Rxh1 Ke7 22. Rh7 Rg8 23. Nd1 Nxg6 24. Qg3 Bf7 25. Ne3 Kd8 26. Bh5 Ne5 27. Rxg7 Rxg7 28. Qxg7 Bxh5 29. Qf8+ Be8 30. Nf5 Qd7 31. Nxd6 Qe7 32. Qxe7+ Kxe7 33. Nxb7 Nc4 34. b3 Nd6 35. Nxa5 Nxe4 36. Kd1 Kd6 37. Ke2 Kc7 38. Ke3 Nc5 39. Nc4 Bg6 40. Kd2 Ne4+ 41. Kd1 Nd6 42. Ne3 f5 43. Ng2 Bh5+ 44. Kd2 Bf3 45. Nf4 Be4 46. c4 Nb7 47. b4 c5 48. Kc3 Kd6 49. a5 cxb4+ 50. Kxb4 Nc5 51. Kb5 Ne6 52. Nh3 f4 53. Nf2 Bc6+ 54. Kb4 Nc5 55. Nh3 f3 56. Kc3 Ke5 57. Kd2 Kd4 58. a6 Nxa6 59. Nf4 Nc5 60. Nh3 Ne4+ 61. Ke1 Ke3 62. c5 Bb5 63. Kd1 Nf2+ 0-1


[Site "https://www.chess.com"]

[Event "Titled Tuesday Blitz August 23 Late 2022"]
[White "Chigaev, Maksim"]
[Black "Xiong, Jeffery"]
[WhiteFideId "4108116"]
[BlackFideId "2047640"]
[WhiteElo "2487"]
[BlackElo "2714"]
[Result "0-1"]
[Round "09"]
[TimeControl "180+1"]
[Date "2022.08.23"]
[WhiteClock "0:00:06"]
[BlackClock "0:00:12"]

1. e4 e5 2. Nf3 Nf6 3. Nc3 Nc6 4. Bb5 Bb4 5. O-O O-O 6. Bxc6 dxc6 7. d3 Re8 8. Ne2 h6 9. Ng3 Bd6 10. Kh1 c5 11. Be3 b6 12. a4 Be6 13. b3 Nd7 14. Nd2 Nf8 15. Qh5 Qd7 16. Nf5 Ng6 17. Nf3 Nf4 18. Bxf4 exf4 19. g4 fxg3 20. fxg3 Bxf5 21. exf5 Re2 22. Rae1 Rae8 23. Rxe2 Rxe2 24. f6 Bf8 25. c4 g6 26. Ne5 Qxd3 27. Nxd3 gxh5 28. Nf4 Re3 29. Nxh5 Rxb3 30. Rd1 Bd6 31. Re1 Kh7 32. Kg2 Kg6 33. g4 Rb2+ 34. Kf3 Rb3+ 35. Ke4 Kg5 36. Kd5 Kxg4 37. Ng7 Rf3 38. Ne8 Bxh2 39. Re7 Rd3+ 40. Kc6 Rd8 41. Ng7 Rd6+ 42. Kb7 Rxf6 43. Ne8 Re6 44. Rxe6 fxe6 45. Kxa7 Be5 46. a5 bxa5 0-1


[Site "https://www.chess.com"]

[Event "Titled Tuesday Blitz August 23 Late 2022"]
[White "Deac, Bogdan-Daniel"]
[Black "Aghasiyev, Kamal"]
[WhiteFideId "1226380"]
[BlackFideId "13402854"]
[WhiteElo "2648"]
[BlackElo "2210"]
[Result "1-0"]
[Round "09"]
[TimeControl "180+1"]
[Date "2022.08.23"]
[WhiteClock "0:00:05"]
[BlackClock "0:00:04"]

1. d4 d5 2. c4 e6 3. Nf3 Nf6 4. g3 Bb4+ 5. Bd2 Bd6 6. Nc3 c6 7. Qc2 Nbd7 8. e4 dxe4 9. Nxe4 Be7 10. Bd3 b6 11. O-O-O Bb7 12. Bc3 Rc8 13. Rhe1 Qc7 14. Qe2 O-O 15. Nxf6+ Nxf6 16. g4 Rfe8 17. Ne5 Bd6 18. g5 Bxe5 19. dxe5 Nd7 20. h4 c5 21. h5 Nf8 22. Qe3 Rcd8 23. h6 g6 24. Qf4 Qe7 25. Bc2 Rxd1+ 26. Rxd1 Rd8 27. Rd6 Rd7 28. Ba4 Rd8 29. Qd2 Rc8 30. Qf4 Rd8 31. b3 Ba8 32. a3 Bb7 33. b4 Rc8 34. b5 Rd8 35. Bc2 Rd7 36. a4 Rd8 37. a5 Nd7 38. Qd2 Bc8 39. f4 Kf8 40. Be4 Qe8 41. Bc6 Qe7 42. axb6 axb6 43. Kb2 Qe8 44. Qd1 Qe7 45. Qa1 Nb8 46. Qa8 Nxc6 47. Qxc6 Bd7 48. Qxb6 Ra8 49. Qb7 Rd8 50. Qc7 Ke8 51. Ba5 Rc8 52. Qb7 f5 53. gxf6 Qf7 54. Kc3 g5 55. fxg5 Rd8 56. Bxd8 Qh5 57. Qxd7+ Kf8 58. Qg7+ Ke8 59. Qe7# 1-0


[Site "https://www.chess.com"]

[Event "Titled Tuesday Blitz August 23 Late 2022"]
[White "Dubov, Daniil"]
[Black "Bok, Benjamin"]
[WhiteFideId "24126055"]
[BlackFideId "1017063"]
[WhiteElo "2791"]
[BlackElo "2658"]
[Result "1-0"]
[Round "09"]
[TimeControl "180+1"]
[Date "2022.08.23"]
[WhiteClock "0:00:04"]
[BlackClock "0:00:01"]

1. d4 Nf6 2. Nf3 d5 3. c4 e6 4. g3 Bb4+ 5. Nbd2 dxc4 6. Bg2 b5 7. Ne5 Nd5 8. O-O O-O 9. b3 Bb7 10. Qc2 cxb3 11. Nxb3 Be7 12. Bd2 a6 13. Na5 Ra7 14. Nxb7 Rxb7 15. Rfc1 c5 16. dxc5 Qc7 17. c6 Ra7 18. Nd3 Rc8 19. Bxd5 exd5 20. Be3 Ra8 21. Nf4 d4 22. Bxd4 Nxc6 23. Qe4 Qd7 24. Bb2 Bf8 25. Nh5 Qe6 26. Qf4 Nb4 27. Rxc8 Rxc8 28. Nxg7 Bxg7 29. Bxg7 Kxg7 30. Qxb4 Qxe2 31. Qd4+ Kg8 32. Qf6 Qe6 33. Qf4 Rc4 34. Qg5+ Kf8 35. Rd1 Rc8 36. Qd2 h6 37. Qf4 Kg7 38. Rd6 Rc1+ 39. Kg2 Qe1 40. Qxh6+ 1-0


[Site "https://www.chess.com"]

[Event "Titled Tuesday Blitz August 23 Late 2022"]
[White "Fishbein, Alexander"]
[Black "Postnikov, Daniil"]
[WhiteFideId "2000377"]
[BlackFideId "4166329"]
[WhiteElo "2410"]
[BlackElo "2261"]
[Result "1/2-1/2"]
[Round "09"]
[TimeControl "180+1"]
[Date "2022.08.23"]
[WhiteClock "0:00:05"]
[BlackClock "0:00:06"]

1. e4 e6 2. d4 d5 3. exd5 exd5 4. Nf3 Nf6 5. Bd3 c5 6. dxc5 Bxc5 7. O-O O-O 8. Nc3 h6 9. h3 Nc6 10. Bf4 Be6 11. a3 a6 12. Qd2 Ne7 13. Rfe1 Re8 14. Be5 Nd7 15. Bd4 Nc6 16. Bxc5 Nxc5 17. Rad1 Qf6 18. Kh2 Rad8 19. Bf1 Ne4 20. Qe3 Nxc3 21. bxc3 Re7 22. Qd2 Red7 23. Nd4 Re7 24. Nxc6 bxc6 25. Qd4 Qxd4 26. cxd4 Rb7 27. Re3 Rdb8 28. Bxa6 Rb2 29. Bd3 Ra2 30. f4 Kf8 31. f5 Bd7 32. f6 gxf6 33. Rf1 f5 34. Bxf5 Bxf5 35. Rxf5 Rxc2 36. Ref3 Rb7 37. Rf6 Kg7 38. R6f4 Ra2 39. h4 Kg8 40. Rg3+ Kf8 41. Rf6 Ra7 42. Rxc6 R7xa3 43. Rxa3 Rxa3 44. Rxh6 Rd3 45. Rd6 Rxd4 46. Kh3 Ke7 47. Ra6 Kf8 48. h5 Kg7 49. g4 Rd1 50. Kh4 d4 51. Kg5 d3 52. Rd6 d2 53. h6+ Kh7 54. Rd7 Kg8 55. Rd8+ Kh7 56. Rd7 Kg8 57. Rd8+ Kh7 58. Rd7 1/2-1/2


[Site "https://www.chess.com"]

[Event "Titled Tuesday Blitz August 23 Late 2022"]
[White "Gheorghiu, Calin"]
[Black "Atanasov, Anthony"]
[WhiteFideId "1200305"]
[BlackFideId "2623897"]
[WhiteElo "2168"]
[BlackElo "1928"]
[Result "1-0"]
[Round "09"]
[TimeControl "180+1"]
[Date "2022.08.23"]
[WhiteClock "0:00:20"]
[BlackClock "0:00:01"]

1. d4 Nf6 2. Bf4 d5 3. Nc3 e6 4. Nb5 Na6 5. e3 c6 6. Nc3 Bd6 7. Bxd6 Qxd6 8. Bxa6 bxa6 9. Na4 Qb4+ 10. c3 Qb5 11. Nf3 a5 12. Ne5 Ba6 13. Nc5 Ne4 14. Ned3 e5 15. Nxe4 dxe4 16. Nc5 O-O-O 17. Qg4+ Kb8 18. O-O-O exd4 19. exd4 Rhe8 20. Rhe1 Bc8 21. Qxg7 f5 22. Qxh7 Qc4 23. Kb1 a4 24. a3 Rh8 25. Qe7 a5 26. h4 Rhe8 27. Qg7 f4 28. h5 Bf5 29. Qb7# 1-0


[Site "https://www.chess.com"]

[Event "Titled Tuesday Blitz August 23 Late 2022"]
[White "Godzwon, Iwo"]
[Black "Djordjevic, Vuk"]
[WhiteFideId "21802483"]
[BlackFideId "902098"]
[WhiteElo "2201"]
[BlackElo "2456"]
[Result "0-1"]
[Round "09"]
[TimeControl "180+1"]
[Date "2022.08.23"]
[WhiteClock "0:01:40"]
[BlackClock "0:01:22"]

1. e4 d5 2. exd5 Qxd5 3. Nc3 Qd6 4. d4 Nf6 5. Nf3 c6 6. Bc4 Bg4 7. Be3 e6 8. h3 Bh5 9. g4 Bg6 10. Ne5 Nbd7 11. f4 Ne4 12. Nxg6 Nxc3 13. bxc3 hxg6 14. Qf3 Nb6 15. Bd3 Nd5 16. Bd2 Qa3 17. f5 gxf5 18. gxf5 O-O-O 19. fxe6 fxe6 20. O-O 0-1


[Site "https://www.chess.com"]

[Event "Titled Tuesday Blitz August 23 Late 2022"]
[White "Hansen, Eric"]
[Black "Ezat, Mohamed"]
[WhiteFideId "2606771"]
[BlackFideId "10600906"]
[WhiteElo "2568"]
[BlackElo "2386"]
[Result "1-0"]
[Round "09"]
[TimeControl "180+1"]
[Date "2022.08.23"]
[WhiteClock "0:00:07"]
[BlackClock "0:00:04"]

1. Nf3 Nf6 2. g3 g6 3. Bg2 Bg7 4. O-O O-O 5. d3 d5 6. c4 Nc6 7. cxd5 Nxd5 8. a3 a5 9. Qc2 e5 10. Bg5 f6 11. Bd2 Kh8 12. Nc3 Be6 13. Ne4 f5 14. Nc5 Bc8 15. Rac1 h6 16. e4 f4 17. exd5 Qxd5 18. Nh4 Qf7 19. Qc4 Qe8 20. Be4 Rf6 21. Nf3 g5 22. Rfe1 fxg3 23. fxg3 Bh3 24. Nxb7 Nd4 25. Nxd4 exd4 26. Bg2 Qc8 27. Qxc7 Qf5 28. Rf1 Qxd3 29. Rxf6 Bxg2 30. Kxg2 Bxf6 31. Be1 Qe2+ 32. Kg1 d3 33. Qd6 Qe3+ 34. Kg2 Qe4+ 35. Kg1 Qe3+ 36. Kg2 Qe2+ 37. Bf2 Qe4+ 38. Kg1 Bg7 39. Nc5 d2 40. Rd1 Qc2 41. Qxd2 Qc4 42. a4 Rf8 43. b3 Qf7 44. Qe2 Qc7 45. Ne6 Qe7 46. Re1 Re8 47. Qe4 Bf6 48. Re2 Qd7 49. Kg2 Qd5 50. Qxd5 Rxe6 51. Qxe6 Kg7 52. Rc2 Kg6 53. Rc6 g4 54. Qxf6+ Kh5 55. Qf5# 1-0


[Site "https://www.chess.com"]

[Event "Titled Tuesday Blitz August 23 Late 2022"]
[White "Hardaway, Brewington"]
[Black "Pulpan, Jakub"]
[WhiteFideId "30941849"]
[BlackFideId "302759"]
[WhiteElo "1813"]
[BlackElo "2451"]
[Result "0-1"]
[Round "09"]
[TimeControl "180+1"]
[Date "2022.08.23"]
[WhiteClock "0:02:10"]
[BlackClock "0:01:31"]

1. e4 e5 2. Nf3 Nc6 3. Bb5 Nf6 4. O-O Nxe4 5. d4 Nd6 6. dxe5 Nxb5 7. a4 Nxe5 8. Nd4 Nxd4 9. Qxd4 d6 10. f4 Nc6 11. Re1+ Be6 12. Qc3 Kd7 13. b4 Be7 14. Ra3 Bf6 15. Qd2 Re8 16. b5 Ne7 17. Nc3 Kc8 18. a5 a6 19. bxa6 Rxa6 20. Na4 Nc6 21. Rae3 Bd4 22. c3 Bxe3+ 23. Rxe3 Rxa5 0-1


[Site "https://www.chess.com"]

[Event "Titled Tuesday Blitz August 23 Late 2022"]
[White "Harvey, Marcus R"]
[Black "Thomforde-Toates, Noah"]
[WhiteFideId "400092"]
[BlackFideId "30951992"]
[WhiteElo "2485"]
[BlackElo "2614"]
[Result "1-0"]
[Round "09"]
[TimeControl "180+1"]
[Date "2022.08.23"]
[WhiteClock "0:00:16"]
[BlackClock "0:00:16"]

1. d4 Nf6 2. c4 g6 3. Nc3 Bg7 4. e4 d6 5. f4 O-O 6. Nf3 c5 7. d5 e6 8. Be2 exd5 9. cxd5 Re8 10. e5 dxe5 11. fxe5 Ng4 12. e6 fxe6 13. d6 Nc6 14. O-O Nd4 15. Ne4 Rf8 16. Kh1 Nxf3 17. Bxf3 Nxh2 18. Bg5 Qb6 19. Kxh2 Qxb2 20. Rb1 Qe5+ 21. Kh1 Bd7 22. Be7 Rf4 23. Nf2 Rxf3 24. Qxf3 Bc6 25. Qh3 Qf5 26. Qxf5 gxf5 27. Nh3 b6 28. Ng5 Bd7 29. Rbe1 e5 30. Nf3 e4 31. Nh4 Bc3 32. Re3 Bd4 33. Rg3+ Kh8 34. Nxf5 Be5 35. Rg5 Rg8 36. Rxg8+ Kxg8 37. g4 Bc6 38. Kg1 Bb5 39. Rd1 Bd7 40. Kf2 Kf7 41. Ke3 Ke6 42. Kxe4 Bc6+ 43. Ke3 Bd7 44. Rh1 h5 45. Rxh5 Kd5 46. Rh6 Kc4 47. Rh7 Kc3 48. Bf6 Bxf6 49. Rxd7 Kb2 50. Rf7 Bg5+ 51. Ke4 Kxa2 52. d7 b5 53. Ne7 Bxe7 54. Rxe7 b4 55. d8=Q c4 56. Qd2+ Kb3 57. Rxa7 c3 58. Qd3 Kb2 59. Qc4 b3 60. Rb7 c2 61. Qxb3+ Kc1 62. Qxc2+ Kxc2 63. g5 Kd2 64. g6 Ke2 65. g7 Kd2 66. g8=Q Kc3 67. Qg3+ Kc4 68. Qd3+ Kc5 69. Qd5# 1-0


[Site "https://www.chess.com"]

[Event "Titled Tuesday Blitz August 23 Late 2022"]
[White "Hjartarson, Johann"]
[Black "Jaskolka, Tomasz"]
[WhiteFideId "2300044"]
[BlackFideId "1170791"]
[WhiteElo "2458"]
[BlackElo "2073"]
[Result "1-0"]
[Round "09"]
[TimeControl "180+1"]
[Date "2022.08.23"]
[WhiteClock "0:01:18"]
[BlackClock "0:01:11"]

1. c4 c6 2. Nf3 d5 3. e3 Nf6 4. d4 a6 5. Nc3 Bf5 6. Be2 e6 7. O-O dxc4 8. Bxc4 b5 9. Be2 Nbd7 10. Nh4 Bg6 11. Nxg6 hxg6 12. Bf3 Qc7 13. g3 Rc8 14. e4 Be7 15. Bg2 e5 16. Be3 exd4 17. Bxd4 Bc5 18. e5 Nd5 19. Nxd5 cxd5 20. Rc1 Qb6 21. b4 g5 22. bxc5 Qh6 23. h3 Nf8 24. Qg4 Ne6 25. Bxd5 Nxd4 26. Qxc8+ Ke7 27. Qc7+ Ke8 28. Bxf7+ Kf8 29. Qd8+ Kxf7 30. Qxd4 Qxh3 31. Qd5+ Ke8 32. Qg2 Qh5 33. c6 1-0


[Site "https://www.chess.com"]

[Event "Titled Tuesday Blitz August 23 Late 2022"]
[White "Howell, David W L"]
[Black "Pakleza, Zbigniew"]
[WhiteFideId "410608"]
[BlackFideId "1119290"]
[WhiteElo "2559"]
[BlackElo "2411"]
[Result "1-0"]
[Round "09"]
[TimeControl "180+1"]
[Date "2022.08.23"]
[WhiteClock "0:00:08"]
[BlackClock "0:00:02"]

1. c4 c6 2. e4 d5 3. exd5 cxd5 4. d4 Nf6 5. Nc3 e6 6. Nf3 Bb4 7. Bd3 dxc4 8. Bxc4 O-O 9. O-O Qc7 10. Qe2 Nbd7 11. Bd2 Bxc3 12. bxc3 b6 13. Bd3 Bb7 14. Rfe1 Rac8 15. Rac1 Rfe8 16. h3 Qd6 17. Rcd1 Qa3 18. c4 Qa4 19. Bc3 Ba6 20. Nd2 Nf8 21. Qe3 Ng6 22. Ba1 b5 23. cxb5 Bxb5 24. Ne4 Nd5 25. Bxb5 Qxb5 26. Qa3 Ndf4 27. d5 Nxd5 28. Nd6 Qc6 29. Nxe8 Rxe8 30. Rc1 Qd7 31. Qb2 f6 32. Qd4 h6 33. Rc4 Qf7 34. Rb1 Kh7 35. Qe4 f5 36. Qf3 e5 37. Rc5 e4 38. Qb3 Ndf4 39. Qxf7 1-0


[Site "https://www.chess.com"]

[Event "Titled Tuesday Blitz August 23 Late 2022"]
[White "Jian, Alex"]
[Black "Korchmar, Vasiliy"]
[WhiteFideId "30901022"]
[BlackFideId "24131750"]
[WhiteElo "2095"]
[BlackElo "2370"]
[Result "0-1"]
[Round "09"]
[TimeControl "180+1"]
[Date "2022.08.23"]
[WhiteClock "0:00:01"]
[BlackClock "0:00:05"]

1. Nf3 d5 2. b3 Bf5 3. Bb2 e6 4. e3 Nf6 5. Be2 h6 6. O-O Bd6 7. c4 O-O 8. Nc3 c6 9. d4 Nbd7 10. Bd3 Bg4 11. h3 Bh5 12. Be2 Ne4 13. Qc2 f5 14. Ne5 Bxe2 15. Nxe2 Nxe5 16. dxe5 Bc7 17. Nf4 Qe8 18. cxd5 exd5 19. Nxd5 Bxe5 20. Bxe5 Qxe5 21. Nf4 Rfd8 22. Rad1 Qc3 23. Qe2 Kh7 24. Ne6 Rxd1 25. Rxd1 Qe5 26. Qc4 Re8 27. Nd4 Rd8 28. Rc1 c5 29. Nf3 Qb2 30. Qc2 Qxc2 31. Rxc2 Rd1+ 32. Kh2 b6 33. Ne5 g5 34. f3 Nf6 35. Kg3 Nd5 36. Kf2 f4 37. exf4 Nxf4 38. Nc4 Kg7 39. Rd2 Ra1 40. a4 Kf6 41. Nd6 Ke6 42. Ne4 Rb1 43. Rd6+ Ke5 44. Rxh6 Rb2+ 45. Kf1 Rb1+ 46. Kf2 Rb2+ 47. Kf1 Rxb3 48. Nxg5 Rb1+ 49. Kf2 Rb2+ 50. Kf1 c4 51. Ne4 Kd4 52. Rc6 Ke3 53. Kg1 Rxg2+ 54. Kh1 Kxf3 55. Rxc4 Re2 56. Ng5+ Kg3 57. Ne4+ Kxh3 58. Rc3+ Kg4 59. Nf6+ Kf5 60. Ng8 Ra2 61. Nh6+ Kg5 62. Nf7+ Kg4 63. Ne5+ Kf5 64. Nd7 Rxa4 65. Nb8 Ra2 66. Kg1 Kg4 67. Kf1 Ra1+ 68. Kf2 Ra2+ 69. Ke1 Nd5 70. Rb3 Kf4 71. Nc6 Ne3 72. Rb4+ Kf3 73. Nd4+ Kg3 74. Rb1 Nc2+ 75. Kf1 Nxd4 0-1


[Site "https://www.chess.com"]

[Event "Titled Tuesday Blitz August 23 Late 2022"]
[White "Jones, Gawain C B"]
[Black "Caruana, Fabiano"]
[WhiteFideId "409561"]
[BlackFideId "2020009"]
[WhiteElo "2657"]
[BlackElo "2847"]
[Result "0-1"]
[Round "09"]
[TimeControl "180+1"]
[Date "2022.08.23"]
[WhiteClock "0:00:04"]
[BlackClock "0:00:08"]

1. Nf3 c5 2. g3 Nc6 3. Bg2 e5 4. d3 d5 5. O-O Be7 6. e4 d4 7. a4 h5 8. Na3 h4 9. Nc4 Qc7 10. Bd2 Be6 11. Ng5 Bxg5 12. Bxg5 h3 13. Bf3 f6 14. Bd2 Bxc4 15. dxc4 O-O-O 16. Bg4+ Kb8 17. Be6 Nge7 18. Qg4 Nc8 19. f4 Nd6 20. f5 Nb4 21. c3 dxc3 22. bxc3 Nc2 23. Rad1 Na3 24. Qe2 Qc6 25. Bd5 Qa6 26. Be3 Rc8 27. Ra1 Naxc4 28. Rfb1 Ka8 29. Rxb7 Nxb7 30. Bxc4 Qa5 31. Rb1 Rhd8 32. Bd5 Rxd5 33. exd5 Nd6 34. Qc2 Rb8 35. Rxb8+ Kxb8 36. g4 Kc7 37. Kf2 Nc4 38. Bc1 Nb6 39. Kg3 Qxa4 40. Qxa4 Nxa4 41. c4 Nb6 42. g5 Nxc4 43. g6 Nd6 44. Kg4 a5 45. Bh6 Ne8 46. Bd2 a4 47. Kxh3 a3 48. Kg4 a2 49. Bc3 Kd6 50. h4 Kxd5 51. h5 Kc4 52. Ba1 Kd3 53. h6 gxh6 54. Kh5 c4 55. Kxh6 c3 56. g7 Nxg7 57. Kxg7 c2 58. Bb2 c1=Q 0-1


[Site "https://www.chess.com"]

[Event "Titled Tuesday Blitz August 23 Late 2022"]
[White "Kamsky, Gata"]
[Black "Wan, Joseph"]
[WhiteFideId "2000024"]
[BlackFideId "2069890"]
[WhiteElo "2666"]
[BlackElo "2198"]
[Result "0-1"]
[Round "09"]
[TimeControl "180+1"]
[Date "2022.08.23"]
[WhiteClock "0:00:01"]
[BlackClock "0:00:16"]

1. e4 e6 2. d4 d5 3. Nc3 Bb4 4. e5 c5 5. a3 Bxc3+ 6. bxc3 Ne7 7. Nf3 Qa5 8. Bd2 Nbc6 9. a4 Bd7 10. h4 c4 11. Qc1 O-O-O 12. g3 f6 13. exf6 gxf6 14. Bg2 Nf5 15. O-O Nd6 16. Nh2 e5 17. Ng4 Bxg4 18. Re1 Rde8 19. Rb1 Re7 20. dxe5 fxe5 21. Bg5 Rf7 22. Qa3 Ne4 23. Rxe4 dxe4 24. Be3 Qd5 25. a5 a6 26. Qb2 Rd8 27. Kh2 Bf3 28. Bh3+ Kb8 29. Qb6 Ka8 30. Re1 Qxa5 31. Qb2 Rg7 32. Ra1 Qd5 33. Qb6 Rf8 34. Bc5 Rfg8 0-1


[Site "https://www.chess.com"]

[Event "Titled Tuesday Blitz August 23 Late 2022"]
[White "Kosteniuk, Alexandra"]
[Black "Melkumyan, Hrant"]
[WhiteFideId "4128125"]
[BlackFideId "13302485"]
[WhiteElo "2469"]
[BlackElo "2604"]
[Result "1-0"]
[Round "09"]
[TimeControl "180+1"]
[Date "2022.08.23"]
[WhiteClock "0:00:11"]
[BlackClock "0:00:02"]

1. e4 c5 2. c3 d5 3. exd5 Qxd5 4. d4 Nf6 5. Nf3 e6 6. Be2 Be7 7. O-O O-O 8. c4 Qd8 9. Nc3 Nc6 10. dxc5 Qa5 11. Bg5 h6 12. Bh4 Rd8 13. Qc1 Bd7 14. a3 Qxc5 15. b4 Qf5 16. h3 Be8 17. Qe3 Rac8 18. Rac1 a5 19. g4 Qh7 20. b5 Nb8 21. Na4 Nbd7 22. Bd3 Qh8 23. Bb1 Nc5 24. Nb6 Rb8 25. Rfd1 h5 26. g5 Nfd7 27. Nxd7 Bxd7 28. g6 Bxh4 29. Nxh4 b6 30. gxf7+ Kxf7 31. Qf4+ Kg8 32. Bg6 Rf8 33. Qe5 Qh6 34. Rc3 Qf4 35. Qxf4 Rxf4 36. Ng2 Rf6 37. Bxh5 Rbf8 38. f4 Bc8 39. Bg4 Bb7 40. Re3 Kh7 41. Rd6 Bxg2 42. Kxg2 Rxf4 43. Rxb6 Rxc4 44. Rc6 Rc2+ 45. Kg3 Rff2 46. Bf3 e5 47. b6 1-0


[Site "https://www.chess.com"]

[Event "Titled Tuesday Blitz August 23 Late 2022"]
[White "Leitao, Rafael"]
[Black "Kowalski, Igor"]
[WhiteFideId "2101246"]
[BlackFideId "1172468"]
[WhiteElo "2609"]
[BlackElo "2376"]
[Result "0-1"]
[Round "09"]
[TimeControl "180+1"]
[Date "2022.08.23"]
[WhiteClock "0:01:00"]
[BlackClock "0:01:02"]

1. c4 g6 2. g3 Bg7 3. Bg2 Nf6 4. Nf3 O-O 5. O-O c6 6. d4 d5 7. cxd5 cxd5 8. Ne5 Ng4 9. Nf3 Nf6 10. Nc3 Ne4 11. Bf4 Bf5 12. Nxe4 Bxe4 13. Ne5 f6 14. Nd3 Bxg2 15. Kxg2 Nc6 16. Nc5 e5 17. Be3 Re8 18. dxe5 d4 19. Qb3+ Kh8 0-1


[Site "https://www.chess.com"]

[Event "Titled Tuesday Blitz August 23 Late 2022"]
[White "Maksimovic, Bojan"]
[Black "Ladopoulos, Dimitrios"]
[WhiteFideId "14408120"]
[BlackFideId "4239580"]
[WhiteElo "2447"]
[BlackElo "2195"]
[Result "1-0"]
[Round "09"]
[TimeControl "180+1"]
[Date "2022.08.23"]
[WhiteClock "0:00:54"]
[BlackClock "0:00:03"]

1. e4 e6 2. Qe2 e5 3. Nf3 Nc6 4. c3 Bc5 5. d3 a5 6. g3 d6 7. Bg2 Nf6 8. h3 O-O 9. Nbd2 d5 10. O-O d4 11. Nc4 Re8 12. a3 b5 13. Ncd2 a4 14. Rd1 Ba6 15. Bf1 Qd7 16. Ne1 Rad8 17. Nc2 Bb6 18. Nb4 Nxb4 19. axb4 Bb7 20. Nf3 dxc3 21. Bg5 cxb2 22. Qxb2 Qe7 23. Rac1 h6 24. Be3 Bxe3 25. fxe3 Rc8 26. Rc5 c6 27. Rxe5 Qc7 28. Kf2 Nd7 29. Rxe8+ Rxe8 30. Rc1 Qd6 31. Qc3 Ra8 32. Qa3 Rc8 33. d4 Qe6 34. e5 f6 35. exf6 Nxf6 36. Kg2 Nd5 37. Ne5 Re8 38. Re1 Kh7 39. Bd3+ Kg8 40. Be4 Rf8 41. Qb2 Bc8 42. g4 Nf6 43. Bf3 Nd5 44. Qd2 Nf6 45. Rc1 Bd7 46. Nxd7 Qxd7 47. Rxc6 a3 48. Ra6 Qe7 49. Rxa3 Ne4 50. Qa2+ Kh8 51. Ra8 Ng5 52. Rxf8+ Qxf8 53. Qa8 1-0


[Site "https://www.chess.com"]